 Dungeon Crawl Stone Soup version 0.26-a0-519-gb2f46efeda (webtiles) character file.

Game seed: 4540978437456651095

1162 MrRokkomies the Destroyer (level 8, -2/48 HPs)
             Began as a Tengu Conjurer on Aug 10, 2020.
             Was an Initiate of Kikubaaqudgha.
             Slain by an orc warrior
             ... wielding a +0 battleaxe
              (27 damage)
             ... on level 6 of the Dungeon.
             The game lasted 00:15:08 (7726 turns).

MrRokkomies the Destroyer (Tengu Conjurer)          Turns: 7726, Time: 00:15:10

Health: -2/48      AC:  2    Str:  8    XL:     8   Next: 39%
Magic:  3/12       EV: 22    Int: 20    God:    Kikubaaqudgha [......]
Gold:   295        SH:  0    Dex: 13    Spells: 4/11 levels left

rFire    . . .     SeeInvis .   a - +2 trident (protect)
rCold    . . .     Faith    .   (no shield)
rNeg     . . .     Spirit   .   d - +0 robe
rPois    .         Reflect  .   (helmet restricted)
rElec    .         Harm     .   o - scarf {repulsion}
rCorr    .                      (no gloves)
MR       .....                  (boots unavailable)
Stlth    ++........             (no amulet)
HPRegen  0.16/turn              (no ring)
MPRegen  0.13/turn              r - +4 ring of evasion

@: flying quickly and evasively, repel missiles, quick
A: beak, talons 3, able to fly
a: Stop Flying, Renounce Religion


You were on level 6 of the Dungeon.
You worshipped Kikubaaqudgha.
Kikubaaqudgha was noncommittal.
You visited 2 branches of the dungeon, and saw 7 of its levels.
You also visited: Ossuary.

You collected 295 gold pieces.

Inventory:

Hand Weapons
 a - a +2 trident of protection (weapon)
 l - a +0 falchion of electrocution
Missiles
 b - 71 sling bullets
 i - 17 poisoned darts (quivered)
Armour
 d - a +0 robe (worn)
 o - a scarf of repulsion (worn)
Jewellery
 r - a +4 ring of evasion (right hand)
Wands
 g - a wand of iceblast (11)
Scrolls
 m - 2 scrolls of blinking
 p - 2 scrolls of magic mapping
 q - a scroll of amnesia {unknown}
 t - a scroll of enchant weapon
 u - 3 scrolls of immolation
 v - 2 scrolls of remove curse
 w - 4 scrolls of random uselessness {unknown}
 x - 2 scrolls of noise {unknown}
 y - a scroll of identify
 A - a scroll of teleportation
 B - a scroll of brand weapon {unknown}
Potions
 c - a potion of haste {unknown}
 e - 3 potions of heal wounds
 f - a potion of ambrosia
 h - a potion of brilliance {unknown}
 j - a potion of lignification {unknown}
 k - a potion of mutation {unknown}
 n - 4 potions of curing
 s - a potion of flight {unknown}
 z - a potion of cancellation {unknown}


   Skills:
 + Level 3.7 Fighting
 * Level 6.6 Dodging
 - Level 2.0 Stealth
 - Level 2.0 Spellcasting
 * Level 9.2 Conjurations
 + Level 2.7 Translocations


You had 4 spell levels left.
You knew the following spells:

 Your Spells              Type           Power        Failure   Level
a - Magic Dart            Conj           ####         1%          1
b - Searing Ray           Conj           #####.       1%          2
c - Iskenderun's Mystic   Conj/Tloc      ####....     14%         4

Your spell library contained the following spells:

 Spells                   Type           Power        Failure   Level
 Dazzling Flash           Conj/Hex       ###...       7%          3
 Fulminant Prism          Conj/Hex       ###.......   24%         4


Dungeon Overview and Level Annotations

Branches:
Dungeon (6/15)             Temple (1/1) D:6         Ossuary (visited)

Altars:
Dithmenos
Fedhas
Hepliaklqana
Kikubaaqudgha
Nemelex Xobeh
Trog
Uskayaw
Vehumet
Xom
Zin
The Shining One

Shops:
D:4 (::


Innate Abilities, Weirdness & Mutations

You have a beak for a mouth.
You have claws for feet.
You can fly continuously.


Message History

The orc warrior is moderately wounded. (Press . to maintain the ray.)
The white imp gestures at you.
The puff of frost is repelled.
Unknown command.
The searing ray hits the white imp!
You kill the white imp!
Kikubaaqudgha accepts your kill.
The searing ray hits the orc warrior!
The orc warrior is heavily wounded.
The searing ray hits the orc warrior but does no damage.
The orc warrior is heavily wounded.
The orc warrior closely misses you.
The searing ray hits the orc warrior but does no damage.
The orc warrior is heavily wounded.
You finish channeling your searing ray.
The orc warrior hits you with a +0 battleaxe!!
Ouch! That really hurt!
You die...
Kikubaaqudgha rasps: "You have failed me!
Welcome... death!"

............##...##.#
....................#
#####.....####..#####
#..[...# ##.#
#......# #.# #..###.#
#.. ##!## #
#..##...####..#
......_.@o))..#
.####...##....# ##.##
.$..# #.# ....# #..
5...# #.. ....# ..
#####


You could see an orc warrior.

Vanquished Creatures
  A sky beast (D:4)
  A centaur (D:3)
  Blork the orc (D:5)
  A scorpion (D:4)
  2 howler monkeys
  A bullfrog zombie (D:5)
  2 orc priests
  A gnoll shaman (D:3)
  3 orc wizards
  3 iguanas
  Jessica (D:3)
  Ijyb (D:3)
  3 worker ants
  2 big kobold zombies (Ossuary)
  A hound skeleton (D:4)
  5 mummies (Ossuary)
  A worker ant zombie (D:6)
  5 gnolls
  7 adders
  A shadow imp (D:5)
  3 white imps
  2 ufetubi (D:5)
  2 worms
  6 dart slugs
  3 leopard geckos
  18 orcs
  2 ball pythons
  4 giant cockroaches
  2 gnoll zombies (Ossuary)
  9 goblins
  6 hobgoblins
  4 jackals
  A quokka (D:2)
  6 bats
  3 frilled lizards
  A goblin zombie (Ossuary)
  2 hobgoblin zombies (Ossuary)
  9 kobolds
  A kobold zombie (Ossuary)
  A leopard gecko zombie (D:5)
  A quokka skeleton (D:4)
  A quokka zombie (D:5)
  9 rats
139 creatures vanquished.

Notes
Turn   | Place    | Note
-------+----------+-------------------------------------------
     0 | D:1      | MrRokkomies the Tengu Conjurer began the quest for the Orb.
     0 | D:1      | Reached XP level 1. HP: 10/10 MP: 4/4
   269 | D:1      | Reached XP level 2. HP: 16/16 MP: 4/6
   316 | D:1      | Learned a level 2 spell: Searing Ray
   673 | D:1      | Reached XP level 3. HP: 20/20 MP: 4/7
   744 | D:1      | Reached skill level 1 in Fighting
  1389 | D:2      | Reached skill level 6 in Conjurations
  1718 | D:2      | Reached XP level 4. HP: 16/25 MP: 5/8
  2532 | D:2      | Learned a level 4 spell: Iskenderun's Mystic Blast
  3174 | D:3      | Noticed Jessica
  3179 | D:3      | Killed Jessica
  3179 | D:3      | Gained mutation: You can fly continuously. [Tengu growth]
  3179 | D:3      | Reached XP level 5. HP: 30/30 MP: 6/9
  3185 | D:3      | Noticed an angel
  3186 | D:3      | Found a glowing silver altar of Zin.
  3210 | D:3      | Noticed Ijyb
  3237 | D:3      | Killed Ijyb
  3591 | D:3      | Noticed a centaur
  3597 | D:3      | Killed a centaur
  3597 | D:3      | Reached skill level 7 in Conjurations
  3597 | D:3      | Reached skill level 1 in Translocations
  3597 | D:3      | Reached XP level 6. HP: 17/35 MP: 5/10
  4617 | D:4      | Reached skill level 5 in Dodging
  4856 | D:4      | Found Yzxyots's Book Boutique.
  4869 | D:4      | Reached XP level 7. HP: 27/40 MP: 11/11
  5316 | D:4      | Reached skill level 8 in Conjurations
  5553 | D:4      | Found Peseas's Book Shop.
  6518 | D:4      | Found Fonewnih's Antique Weapon Shop.
  6656 | D:5      | Entered Level 5 of the Dungeon
  6671 | D:5      | Found a sand-covered staircase.
  6671 | D:5      | Noticed Blork the orc
  6676 | D:5      | Killed Blork the orc
  6699 | Ossuary  | Entered an ossuary
  6775 | Ossuary  | Reached XP level 8. HP: 46/46 MP: 12/12
  7388 | D:5      | Reached skill level 9 in Conjurations
  7546 | D:6      | Found a staircase to the Ecumenical Temple.
  7559 | Temple   | Entered the Ecumenical Temple
  7678 | Temple   | Became a worshipper of Kikubaaqudgha
  7706 | D:6      | Found a hazy altar of Hepliaklqana.
  7726 | D:6      | Slain by an orc warrior

Illustrated notes

Levels and vault maps discovered:
D:1:      kennysheep_arrival_seaside, layout_rooms, chequers_mini_garden
D:2:      layout_loops_ring, minmay_pentomino_q2
D:3:      layout_basic, zin_angel, uniq_ijyb, uniq_jessica
D:4:      layout_layer_cave, serial_shops, shop, nicolae_shop_behind_doors,
          nicolae_shop_trees, minmay_cut_off
D:5:      layout_rooms, nicolae_ossuary_entry_false_entrances,
          uniq_blork_the_orc
D:6:      layout_basic, nicolae_overflow_crystal_walls,
          minmay_temple_entry_stoned_glass, basic_altar, ebering_ghost_sewer_f
Temple:   nicolae_temple_figure_zero

Skill      XL: |  1  2  3  4  5  6  7  8 |
---------------+-------------------------+-----
Dodging        | 3 4 5 6 |  6.6
Fighting       | 1 2 3 |  3.7
Conjurations   | 6 7 8 9 |  9.2
Translocations | 1 2 |  2.7
Stealth        | |  2.0
Spellcasting   | |  2.0

Action                   |  1- 3 |  4- 6 |  7- 9 || total
-------------------------+-------+-------+-------++-------
Melee: Unarmed           |    19 |       |       ||    19
       Kick              |     8 |    16 |    29 ||    53
       Peck              |     9 |    15 |    23 ||    47
       Dagger            |    43 |    82 |    59 ||   184
       Trident           |       |       |    88 ||    88
Throw: Dart              |       |     2 |       ||     2
 Cast: Magic Dart        |    49 |    29 |    22 ||   100
       Searing Ray       |       |    17 |    17 ||    34
 Abil: Fly               |       |     1 |       ||     1
  Use: Scroll            |     1 |     6 |     4 ||    11
       Potion            |       |       |     1 ||     1
 Stab: Sleeping          |     2 |       |     7 ||     9
Armor: Robe              |    20 |     7 |    20 ||    47
Dodge: Dodged            |    60 |    98 |   126 ||   284
       Repelled          |       |       |     5 ||     5

Table legend: (Time is in decaauts)
 A = Elapsed time spent in this place.
 B = Non-inter-level travel time spent in this place.
 C = Inter-level travel time spent in this place.
 D = Time resting spent in this place.
 E = Time spent auto-exploring this place.
 F = Levels seen in this place.
 G = Mean time per level.
                   A        B        C        D        E       F      G
               +--------+--------+--------+--------+--------+-----+--------+
         Total |   7597 |   7406 |    191 |   1789 |   4497 |   8 |  949.6 |
       Dungeon |   7158 |   6987 |    171 |   1756 |   4232 |   6 | 1193.0 |
        Temple |    119 |     99 |     20 |      0 |     97 |   1 |  119.0 |
       Ossuary |    319 |    319 |      0 |     33 |    167 |   1 |  319.0 |
               +--------+--------+--------+--------+--------+-----+--------+

Top non-repeatable levels by time:
     D:4: 2150 daAuts
     D:3: 1687 daAuts
     D:1: 1385 daAuts
     D:2: 1338 daAuts
     D:5: 533 daAuts
 Ossuary: 319 daAuts
  Temple: 119 daAuts
     D:6: 62 daAuts
